 Dungeon Crawl Stone Soup version 0.23.1-42-g8abd8fc (webtiles) character file.

Game seed: 6578888958667555029

1886 Borgoz the Covered (level 9, 0/54 HPs)
             Began as a Gargoyle Fighter on Mar 30, 2019.
             Killed by divine providence
             ... invoked by an orc priest
              (12 damage)
             ... on level 7 of the Dungeon.
             The game lasted 00:11:25 (6435 turns).

Borgoz the Covered (Gargoyle Fighter)               Turns: 6435, Time: 00:11:26

Health: 0/54       AC: 15    Str: 20 (21) XL:     9   Next: 14%
Magic:  12/12      EV:  9    Int:  6 (8)  God:
Gold:   342        SH: 10    Dex: 12      Spells: 13/13 levels left

rFire    + . .     SeeInvis .   l - +0 short sword (freeze)
rCold    . . .     Gourm    .   c - +0 shield
rNeg     + . .     Faith    .   b - +0 scale mail
rPois    ∞         Spirit   .   (no helmet)
rElec    +         Reflect  .   (no cloak)
rCorr    .         Harm     .   (no gloves)
MR       .....                  j - +0 pair of boots
Stlth    +.........             (no amulet)
HPRegen  0.18/turn              g - ring of protection from fire
MPRegen  0.13/turn              (no ring)

@: about to teleport
A: low mp 1, negative energy resistance 1, sense surroundings 1, electricity
resistance, unbreathing, petrification resistance, rot immunity, AC +6
a: no special abilities


You were on level 7 of the Dungeon.
You were not hungry.

You visited 1 branch of the dungeon, and saw 7 of its levels.
You also visited: Ossuary.

You collected 342 gold pieces.

Inventory:

Hand Weapons
 a - a +0 rapier
 l - a +0 short sword of freezing (weapon)
 w - a cursed +2 dagger of pain
Missiles
 t - 6 javelins (quivered)
 y - 2 tomahawks
Armour
 b - a +0 scale mail (worn)
 c - a +0 shield (worn)
 j - a +0 pair of boots (worn)
Jewellery
 g - a ring of protection from fire (left hand)
Wands
 n - a wand of acid (6)
 q - a wand of random effects (24)
Scrolls
 e - 4 scrolls of remove curse
 i - a scroll of fear
 o - 2 scrolls of teleportation
 s - 2 scrolls of enchant armour
 v - a scroll of magic mapping {unknown}
 x - a scroll of random uselessness {unknown}
 A - a scroll of identify
 B - a scroll of amnesia {unknown}
Potions
 d - 3 potions of might
 h - a potion of magic
 k - 3 potions of curing
 m - 2 potions of resistance
 p - a potion of flight
 r - a potion of brilliance
Comestibles
 f - 11 rations


   Skills:
 + Level 5.1 Fighting
 * Level 4.9 Short Blades
 + Level 3.0 Throwing
 + Level 5.1 Armour
 * Level 4.0 Dodging
 + Level 4.0 Stealth
 + Level 5.0 Shields
 + Level 2.9 Spellcasting
 + Level 1.6 Evocations


You had 13 spell levels left.
You didn't know any spells.
Your spell library was empty.

Dungeon Overview and Level Annotations

Branches:
Dungeon (6/15)
 Temple: D:4-7

Altars:
Gozag
Okawaru
Qazlal
Sif Muna

Shops:
D:5 *

Annotations:
D:4 1 runed translucent door, Borgoz's ghost, novice KoGl


Innate Abilities, Weirdness & Mutations

You are resistant to torment.
Your stone body is resilient. (AC +6)
You are immune to poison.
You resist negative energy. (rN+)
You are resistant to electric shocks. (rElec)
You can survive without breathing.
You are immune to petrification.
You are immune to rotting.
Your magical capacity is low. (-10% MP)
You passively map a small area around you.


Message History

* * * LOW HITPOINT WARNING * * *
Okay, then.
As you read the scroll of fear, it crumbles to dust.
You assume a fearsome visage.
The wight is unaffected. x3
The orc priest looks frightened!
The orc looks frightened! x2
You block the wight's attack.
As you read the scroll of teleportation, it crumbles to dust.
You feel strangely unstable.
The wight hits you with a cursed +5 falchion.
* * * LOW HITPOINT WARNING * * *
You block the wight's attack. The wight hits you but does no damage.
Cornered, the orc priest turns to fight!
Unknown command.
The wight hits you but does no damage.
You hit the orc priest. You freeze the orc priest.
The orc priest is heavily wounded.
You block the wight's attack. The wight hits you but does no damage.
The orc priest calls down the wrath of Beogh upon you.
Beogh smites you!
You die...

#.(...# #############.###.#
...........##.# #.# ########
...........##.# #.# #......#
...........##.###.####......#
......>.....................#
.........##########.###..########
........##...#zo.##.#....#####...
........##..#z.#@.##.........'...
...........#[.#zz#_##..#..####.##
........#.#..#.)#.###..#..#* ###
......o.##..###..## #..#...# *
##....####### #### .....#.# *
#....# ,* #.....#.# #....#####'#.
, #...#.#.. , #......zz.o.. *
#.#.#.##.# #.[..z..o.... ,
#.....#


You could see 3 wights and an orc priest.

Vanquished Creatures
  A hippogriff (D:7)
  Sigmund (D:2)
  Menkaure (Ossuary)
  An orc warrior (D:6)
  An ice beast (D:5)
  2 centaurs
  An ogre (D:4)
  A wyvern skeleton (D:7)
  2 wights (D:7)
  A howler monkey (D:7)
  2 centaur zombies (Ossuary)
  2 orc priests
  2 hounds
  4 orc wizards
  Terence (D:2)
  2 iguanas
  4 worker ants
  3 ogre zombies (Ossuary)
  A hound zombie (D:5)
  6 mummies (Ossuary)
  3 gnolls (D:2)
  7 adders
  A shadow imp (D:6)
  An ooze (D:2)
  2 adder zombies
  2 adder skeletons (D:4)
  4 worms (D:2)
  A dart slug (D:3)
  6 leopard geckos
  15 orcs
  9 bats
  3 giant cockroaches
  A gnoll zombie (Ossuary)
  12 goblins
  7 hobgoblins
  A quokka (D:5)
  6 frilled lizards
  6 goblin zombies (Ossuary)
  A jackal skeleton (D:5)
  8 kobolds
  5 kobold zombies (Ossuary)
  A leopard gecko zombie (D:5)
  An orc zombie (Ossuary)
  6 quokka zombies (Ossuary)
  10 rats
  5 rat zombies (Ossuary)
163 creatures vanquished.

Vanquished Creatures (others)
  An orc (D:6)
1 creature vanquished.

Grand Total: 164 creatures vanquished

Notes
Turn   | Place    | Note
-------+----------+-------------------------------------------
     0 | D:1      | Borgoz the Gargoyle Fighter began the quest for the Orb.
     0 | D:1      | Reached XP level 1. HP: 14/14 MP: 1/1
   113 | D:1      | Reached XP level 2. HP: 19/19 MP: 2/2
   476 | D:1      | Reached XP level 3. HP: 22/23 MP: 3/3
  1038 | D:2      | Reached skill level 1 in Dodging
  1038 | D:2      | Reached skill level 1 in Stealth
  1038 | D:2      | Reached XP level 4. HP: 20/28 MP: 3/5
  1057 | D:2      | Found an iron altar of Okawaru.
  1200 | D:2      | Reached skill level 1 in Throwing
  1294 | D:2      | Noticed Terence
  1305 | D:2      | Killed Terence
  1305 | D:2      | Reached skill level 1 in Spellcasting
  1305 | D:2      | Reached XP level 5. HP: 20/33 MP: 6/6
  1431 | D:2      | Noticed Sigmund
  1450 | D:2      | Killed Sigmund
  1450 | D:2      | Reached XP level 6. HP: 36/38 MP: 6/8
  3159 | D:4      | Found a runed translucent door.
  3247 | D:4      | Reached XP level 7. HP: 37/43 MP: 9/9
  3714 | D:4      | Noticed Borgoz's ghost (novice KoGl)
  4235 | D:5      | Entered Level 5 of the Dungeon
  4283 | D:5      | Found a sand-covered staircase.
  4288 | Ossuary  | Entered an ossuary
  4677 | Ossuary  | Reached XP level 8. HP: 46/48 MP: 11/11
  4818 | Ossuary  | Noticed Menkaure
  4829 | Ossuary  | Killed Menkaure
  5496 | D:5      | Reached skill level 1 in Evocations
  5783 | D:5      | Found Gozag's Platinum Reserve.
  5785 | D:5      | Found an opulent altar of Gozag.
  5954 | D:6      | Gained mutation: You are clumsy. (Dex -2) [potion of
                  | mutation]
  5954 | D:6      | Gained mutation: You are dopey. (Int -2) [potion of
                  | mutation]
  5954 | D:6      | Gained mutation: You passively map a small area around you.
                  | [potion of mutation]
  5954 | D:6      | Gained mutation: You have an increased reservoir of magic.
                  | (+10% MP) [potion of mutation]
  5973 | D:6      | You fall through a shaft!
  6022 | D:7      | Lost mutation: You are clumsy. (Dex -2) [potion of
                  | mutation]
  6022 | D:7      | Lost mutation: You are dopey. (Int -2) [potion of mutation]
  6022 | D:7      | Lost mutation: You have an increased reservoir of magic.
                  | (+10% MP) [potion of mutation]
  6022 | D:7      | Gained mutation: Your magical capacity is low. (-10% MP)
                  | [potion of mutation]
  6022 | D:7      | Gained mutation: Your spells are a little easier to cast,
                  | but a little less powerful. [potion of mutation]
  6022 | D:7      | Lost mutation: Your spells are a little easier to cast, but
                  | a little less powerful. [potion of mutation]
  6180 | D:7      | Found a stormy altar of Qazlal.
  6182 | D:7      | Noticed a hippogriff
  6196 | D:7      | Killed a hippogriff
  6196 | D:7      | Reached skill level 5 in Fighting
  6196 | D:7      | Reached skill level 5 in Armour
  6196 | D:7      | Reached XP level 9. HP: 44/54 MP: 11/11
  6292 | D:7      | Reached skill level 5 in Shields
  6361 | D:7      | Found a deep blue altar of Sif Muna.
  6435 | D:7      | Killed from afar by an orc priest

Skill      XL: |  1  2  3  4  5  6  7  8  9 |
---------------+----------------------------+-----
Short Blades   | 2 3 4 |  4.9
Dodging        | 1 2 3 4 |  4.0
Stealth        | 1 2 3 4 |  4.0
Throwing       | 1 2 3 |  3.0
Spellcasting   | 1 2 |  2.9
Armour         | 4 5 |  5.1
Fighting       | 4 5 |  5.1
Shields        | 4 5 |  5.0
Evocations     | 1 |  1.6

Action                   |  1- 3 |  4- 6 |  7- 9 || total
-------------------------+-------+-------+-------++-------
Melee: Rapier            |   111 |   173 |       ||   284
       Short sword       |       |    56 |   566 ||   622
Evoke: Wand              |       |       |     8 ||     8
  Use: Scroll            |       |       |    13 ||    13
       Potion            |       |       |     9 ||     9
 Stab: Confused          |       |       |     1 ||     1
       Invisible         |       |       |     1 ||     1
  Eat: Chunk             |     1 |     7 |     8 ||    16
       Ration            |       |       |     1 ||     1
Armor: Scale mail        |    60 |    89 |   194 ||   343
Dodge: Dodged            |    32 |    69 |   203 ||   304
Block: Shield            |    59 |   106 |   226 ||   391
